 Dungeon Crawl Stone Soup version 0.24.1-4-ge52af88ad5 (webtiles) character file.

Game seed: 17968360990897833824, levelgen mode: deterministic

67 Doot the Digger (level 4, 0/24 HPs)
             Began as a Gargoyle Earth Elementalist on Apr 13, 2020.
             Slain by an orc priest
             ... wielding a +0 falchion
              (2 damage)
             ... on level 3 of the Dungeon.
             The game lasted 00:02:50 (1058 turns).

Doot the Digger (Gargoyle Earth Elementalist)       Turns: 1058, Time: 00:02:50

Health: 0/24       AC:  5    Str: 11    XL:     4   Next: 18%
Magic:  0/8        EV: 12    Int: 17    God:
Gold:   49         SH:  0    Dex: 10    Spells: 4/8 levels left

rFire    . . .     SeeInvis .   e - +0 hand axe
rCold    . . .     Gourm    .   (no shield)
rNeg     + . .     Faith    .   c - +0 robe
rPois    ∞         Spirit   .   (no helmet)
rElec    +         Reflect  .   (no cloak)
rCorr    .         Harm     .   (no gloves)
MR       .....                  (no boots)
Stlth    ++........             (no amulet)
HPRegen  0.08/turn              (no ring)
MPRegen  0.11/turn              (no ring)

@: very slightly contaminated
A: negative energy resistance 1, electricity resistance, unbreathing,
petrification resistance, rot immunity, AC +3
a: no special abilities


You were on level 3 of the Dungeon.
You were not hungry.

You visited 1 branch of the dungeon, and saw 3 of its levels.

You collected 49 gold pieces.

Inventory:

Hand Weapons
 e - a +0 hand axe (weapon)
Missiles
 b - 53 stones (quivered)
Armour
 c - a +0 robe (worn)
Jewellery
 a - an uncursed ring of fire
Comestibles
 d - 2 rations
 h - 2 chunks of flesh


   Skills:
 + Level 0.5 Fighting
 + Level 0.3 Axes
 + Level 1.7 Dodging
 + Level 2.2 Stealth
 + Level 2.9 Spellcasting
 + Level 0.1 Conjurations
   Level 0.7 Transmutations
 + Level 4.7 Earth Magic


You had 4 spell levels left.
You knew the following spells:

 Your Spells              Type           Power        Failure   Level  Hunger
a - Sandblast             Erth           ###...       2%          1    None
b - Stone Arrow           Conj/Erth      ##....       19%         3    ###....

Your spell library contained the following spells:

 Spells                   Type           Power        Failure   Level  Hunger
 Passwall                 Tmut/Erth      ##......     9%          2    ##.....
 Petrify                  Tmut/Erth      ##......     50%         4    ####...
 Lee's Rapid Deconstruct  Erth           ###.......   56%         5    ######.


Dungeon Overview and Level Annotations

Branches:
Dungeon (3/15)

Altars:


Innate Abilities, Weirdness & Mutations

You are resistant to torment.
Your stone body is resilient. (AC +3)
You are immune to poison.
You resist negative energy. (rN+)
You are resistant to electric shocks. (rElec)
You can survive without breathing.
You are immune to petrification.
You are immune to rotting.


Message History

As you read the scroll labeled FAJOOH ICHI, it crumbles to dust.
It is a scroll of identify.
You don't have any unidentified items.
The orc priest hits you but does no damage.
You closely miss the orc priest.
The orc priest is lightly wounded.
The orc priest looks encouraged for a moment.
You closely miss the orc priest.
The orc priest is lightly wounded.
The orc priest barely misses you.
Casting: Sandblast (safe; 2% risk of failure)
Confirm with . or Enter, or press ? or * to list all spells.
Aiming: Sandblast (safe; 2% risk of failure)
Press: ? - help, Shift-Dir - straight line, f/p - orc priest
Aim: an orc priest, wielding a +0 falchion and wearing a +0 chain mail (lightly wounded)
The blast of sand hits the orc priest but does no damage.
The orc priest is lightly wounded.
b - 53 stones The orc priest hits you with a +0 falchion.
You die...

.......<...........##.##.#
)........................#
.......##.................
#.....# #....########.##..
#####. #....# #.#... ##
#bo..# #.#.#. #S####
#...#. #o# #..... #@#
##....# #.##########......
#.#.............#.
#.#.......##.##.#.
#...#.......##.##.#.
#.....#[......##.#....
###...#########....#..
#...# .......... #...#
#....####.


You could see an orc priest, an orc wizard, an adder and a bat.

Vanquished Creatures
  3 adders
  An ooze (D:2)
  2 worms (D:3)
  A dart slug (D:2)
  A leopard gecko (D:2)
  An orc (D:3)
  A ball python (D:1)
  2 giant cockroaches
  A goblin (D:2)
  3 hobgoblins
  3 kobolds
  A quokka (D:2)
  4 bats
  A frilled lizard (D:1)
  4 rats
29 creatures vanquished.

Notes
Turn   | Place    | Note
-------+----------+-------------------------------------------
     0 | D:1      | Doot the Gargoyle Earth Elementalist began the quest for
                  | the Orb.
     0 | D:1      | Reached XP level 1. HP: 10/10 MP: 3/3
   149 | D:2      | Reached skill level 4 in Earth Magic
   149 | D:2      | Reached XP level 2. HP: 15/15 MP: 1/5
   386 | D:2      | Reached XP level 3. HP: 18/19 MP: 4/6
   490 | D:2      | Learned a level 3 spell: Stone Arrow
   953 | D:3      | Reached XP level 4. HP: 21/24 MP: 1/8
  1054 | D:3      | HP: 1/24 [orc priest/+0 falchion (3)]
  1058 | D:3      | Slain by an orc priest

Levels and vault maps discovered:
D:1:      nzn_arrival_water_spiral, layout_basic
D:2:      layout_rooms
D:3:      layout_rooms, zin_statuary, grunt_gozag_statues

Skill      XL: |  1 |
---------------+----+-----
Earth Magic    | 4 |  4.7
Fighting       | |  0.5
Axes           | |  0.3
Dodging        | |  1.7
Stealth        | |  2.2
Spellcasting   | |  2.9
Conjurations   | |  0.1
Transmutations | |  0.7

Action                   |  1- 3 |  4- 6 || total
-------------------------+-------+-------++-------
Melee: Hand axe          |    22 |    16 ||    38
 Cast: Sandblast         |    23 |     7 ||    30
       Stone Arrow       |     9 |     2 ||    11
  Use: Scroll            |     1 |     1 ||     2
       Potion            |       |     1 ||     1
  Eat: Chunk             |     1 |     1 ||     2
Armor: Robe              |     8 |     2 ||    10
Dodge: Dodged            |    27 |     7 ||    34
